[Event "*** Titled Tuesday Blitz"]
[Site "Chess.com"]
[Date "2020.05.05"]
[Round "7"]
[White "TheFireChess"]
[Black "51616516516"]
[Result "1-0"]
[WhiteElo "2443"]
[BlackElo "2290"]
[TimeControl "180+1"]
[EndTime "11:19:18 PDT"]
[Termination "TheFireChess won on time"]

1. e4 c5 2. c3 Nf6 3. e5 Nd5 4. Nf3 Nc6 5. Bc4 Nb6 6. Bb3 d5 7. exd6 Qxd6 8. O-O Be6 9. Re1 Bxb3 10. axb3 e6 11. Na3 Be7 12. Qc2 O-O 13. d3 Rfd8 14.
Rd1 a6 15. Nc4 Nxc4 16. bxc4 Ne5 17. Nxe5 Qxe5 18. g3 Rd7 19. Be3 Rad8 20. Rd2 Qf5 21. Rad1 h6 22. d4 Qxc2 23. Rxc2 cxd4 24. Rxd4 Bf6 25.
Rxd7 Rxd7 26. Rd2 Rxd2 27. Bxd2 Kf8 28. Kg2 Ke7 29. Kf3 Kd6 30. Ke4 Kc5 31. b3 h5 32.
Kd3 g6 33. Be3+ Kc6 34. Bd4 Bxd4 35. cxd4 b5 36. Kc3 bxc4 37. bxc4 a5 38. f4 f6 39. Kb3 g5 40. fxg5 fxg5 41. Ka4 Kb6 42. h3 Ka6 43. c5 h4 44. g4 Kb7 45. Kxa5 Kc6 46. Kb4 Kd5 47. Kb5 1-0

[Event "*** Titled Tuesday Blitz"]
[Site "Chess.com"]
[Date "2020.05.05"]
[Round "7"]
[White "SGchess01"]
[Black "Duhless"]
[Result "0-1"]
[WhiteElo "2802"]
[BlackElo "3079"]
[TimeControl "180+1"]
[EndTime "11:19:19 PDT"]
[Termination "Duhless won by checkmate"]

1. e4 c5 2. Nf3 Nc6 3. Bb5 g6 4. O-O Bg7 5. Nc3 e5 6. a3 Nge7 7. b4 d6 8. bxc5 dxc5 9. d3 O-O 10. Bc4 Bg4 11. h3 Bd7 12. Rb1 b6 13. Nd5 h6 14. Re1 Kh8 15. Bb2 Be6 16. Nxe7 Qxe7 17. Nd2 Rad8 18. Qe2 Nd4 19. Bxd4 cxd4 20. Bxe6 Qxe6 21.
Nc4 Rc8 22. a4 Rc5 23. Rb5 Rfc8 24. Reb1 h5 25. h4 Kh7 26. g3 Bf6 27. Kg2 Kg7 28.
Qd2 Rxc4 29. dxc4 Rxc4 30. R1b4 Rc3 31. Rb3 Rc4 32. R3b4 Rc8 33. a5 bxa5 34. Rxa5 Qc6 35. Qe2 Rc7 36. Ra6 Qd7 37. Rb5 Qc8 38. Ra2 Qd7 39. Rd5 Qc8 40. Qa6 Qb8 41. Qb5 Rb7 42. Qd3 Rb1 43. Rda5 Qb4 44. Rxa7 Qe1 45. Rxf7+ Kxf7 46.
Ra7+ Kf8 47. Qc4 Qh1# 0-1

[Event "*** Titled Tuesday Blitz"]
[Site "Chess.com"]
[Date "2020.05.05"]
[Round "7"]
[White "Kezin_Roman"]
[Black "nurgyulsalimova"]
[Result "1-0"]
[WhiteElo "2789"]
[BlackElo "2580"]
[TimeControl "180+1"]
[EndTime "11:19:19 PDT"]
[Termination "Kezin_Roman won by checkmate"]

1. d4 Nf6 2. c4 e6 3. g3 d5 4. Bg2 Be7 5. Nf3 O-O 6. O-O dxc4 7.
Qc2 b6 8. Bg5 Nd5 9. Bxe7 Qxe7 10. Nbd2 c5 11. dxc5 Qxc5 12. Ng5 g6 13. Nge4 Qe7 14. Nxc4 Ba6 15. Ne5 Rc8 16. Qb3 Nc6 17. Nxc6 Rxc6 18. Nc3 Rd8 19. Rfd1 Nxc3 20. Rxd8+ Qxd8 21. Bxc6 Nxe2+ 22. Kg2 Nd4 23. Qc3 Qd6 24. Ba8 h5 25.
Kh1 h4 26. Bg2 e5 27. Qa3 Qxa3 28. bxa3 hxg3 29. hxg3 Bc4 30. a4 Kg7 31. Re1 f6 32. Rc1 Bxa2 33. Rc7+ Kh6 34. Rxa7 Bb3 35. Ra6 Kg5 36.
Bb7 f5 37. Kg2 f4 38. Be4 fxg3 39. fxg3 Bc4 40. Rxb6 Bb3 41. Rxg6+ Kh5 42. Kh3 Bd5 43. g4# 1-0

[Event "*** Titled Tuesday Blitz"]
[Site "Chess.com"]
[Date "2020.05.05"]
[Round "7"]
[White "Semen_Khanin"]
[Black "AminMolaei"]
[Result "0-1"]
[WhiteElo "2670"]
[BlackElo "2521"]
[TimeControl "180+1"]
[EndTime "11:19:19 PDT"]
[Termination "AminMolaei won by checkmate"]

1. d4 e6 2. Nf3 f5 3. Nc3 Nf6 4. Bg5 Bb4 5. e3 h6 6. Bxf6 Qxf6 7. h4 d6 8. a3 Bxc3+ 9. bxc3 b6 10. Bb5+ Kf7 11. Qe2 Bb7 12. O-O-O a6 13. Bd3 Nd7 14. Kb2 b5 15. e4 Nb6 16. e5 Na4+ 17. Kc1 Qe7 18.
Kd2 Rad8 19. Qe3 Bxf3 20. gxf3 dxe5 21. Qxe5 Rd5 22. Qe3 Qxa3 23. Be2 c5 24. f4 Rhd8 25. Bh5+ Kf8 26. Ra1 Qb2 27. Rhb1 cxd4 28. Qxe6 Qxc3+ 29. Kd1 Qc7 30. Ra3 Nc3+ 31. Kc1 Qe7 32. Qxe7+ Kxe7 33. Rb4 R5d6 34. Kb2 Na4+ 35. Ka2 d3 36. Rxd3 Rxd3 37.
cxd3 Rxd3 38. Rb1 Rd2+ 39. Kb3 Rxf2 40. Re1+ Kd6 41. Rg1 Nc5+ 42. Kc3 Ne6 43. Bf7 Nxf4 44. Rxg7 Kc5 45. Bb3 b4# 0-1

[Event "*** Titled Tuesday Blitz"]
[Site "Chess.com"]
[Date "2020.05.05"]
[Round "7"]
[White "ClassyEl"]
[Black "Raja3401"]
[Result "1-0"]
[WhiteElo "2567"]
[BlackElo "2700"]
[TimeControl "180+1"]
[EndTime "11:19:20 PDT"]
[Termination "ClassyEl won by resignation"]

1. d4 Nf6 2. Bg5 e6 3. Nd2 h6 4. Bh4 c5 5. e4 cxd4 6. e5 g5 7.
Bg3 Nd5 8. h4 gxh4 9. Rxh4 Nc6 10.
Bc4 Be7 11. Rh3 Qa5 12. a3 Bg5 13. Nf3 Be7 14. b4 Qb6 15. Bxd5 exd5 16. Nb3 d6 17. exd6 Bxh3 18. gxh3 Bf6 19. Qe2+ Kd8 20. O-O-O Rc8 21. Bh4 Bxh4 22. Nxh4 Re8 23. Qf3 Ne5 24. Qf6+ Kd7 25. f4 Nc4 26. Qxf7+ Kd8 27. Qf6+ Kd7 28. Rg1 Re6 29.
Rg7+ Kxd6 30. Nf5+ Kc6 31. Qxe6+ Kb5 32. Nbxd4+ Ka4 33. Qxb6 axb6 34. Rxb7 Nxa3 35. Rxb6 Ra8 36. b5 Kb4 37. Ra6 Re8 38. Nc6+ Kxb5 39. Rxa3 Kxc6 40. Nd4+ Kc5 41. c3 Re1+ 42. Kd2 Rh1 43. Ra5+ Kc4 44. Ra4+ Kc5 45. Ra6 Rh2+ 46. Kd3 Rxh3+ 47. Kc2 1-0

[Event "*** Titled Tuesday Blitz"]
[Site "Chess.com"]
[Date "2020.05.05"]
[Round "7"]
[White "erlesfar"]
[Black "Biranidun"]
[Result "0-1"]
[WhiteElo "2440"]
[BlackElo "2695"]
[TimeControl "180+1"]
[EndTime "11:19:21 PDT"]
[Termination "Biranidun won by checkmate"]

1. e4 c5 2. d4 cxd4 3. c3 dxc3 4.
Nxc3 Nc6 5. Nf3 e6 6. Bc4 a6 7.
O-O b5 8. Bb3 Bb7 9. Re1 Bc5 10.
e5 Na5 11. Bc2 f5 12. a3 Bb6 13. Bg5 Ne7 14. b3 Rc8 15. Ne2 h6 16. Bxe7 Qxe7 17. Nf4 Bxf3 18. Qxf3 Rxc2 19. Ng6 Rxf2 20. Qa8+ Qd8 21.
Qxd8+ Kxd8 22. Nxh8 Nxb3 23. Rad1 Nd2 24. Kh1 Ne4 25.
Nf7+ Ke7 26. Nd6 Nxd6 27. Rxd6 Bc7 28. Rxa6 Bxe5 29. g3 Bd4 30. Rb1 g5 31. Rxb5 Rf1+ 32. Kg2 Rf2+ 33. Kh1 g4 34. Rb1 h5 35. a4 Ra2 36.
Ra8 h4 37. gxh4 Be5 38. Kg1 Bxh2+ 39. Kh1 Be5 40. Re1 Bd6 41. Rd1 Bf4 42. Rh8 g3 43. Rh7+ Kf6 44. Kg1 Be3+ 45. Kf1 g2+ 46. Ke1 g1=Q# 0-1

[Event "*** Titled Tuesday Blitz"]
[Site "Chess.com"]
[Date "2020.05.05"]
[Round "7"]
[White "tigra"]
[Black "Sam_ChessMood"]
[Result "0-1"]
[WhiteElo "2803"]
[BlackElo "2882"]
[TimeControl "180+1"]
[EndTime "11:19:23 PDT"]
[Termination "Sam_ChessMood won by resignation"]

1. e4 c5 2. Nf3 d6 3. d4 cxd4 4.
Nxd4 Nf6 5. Nc3 a6 6. Be3 e5 7. Nb3 Be6 8. Qd2 Nbd7 9. O-O-O Rc8 10.
f3 h5 11. g3 b5 12. Kb1 Be7 13. h3 Qc7 14. a3 g6 15. Qf2 Qb7 16. Na5 Qc7 17.
Nb3 Qb7 18. Bd3 Rxc3 19. bxc3 d5 20. Nc5 Nxc5 21. Bxc5 O-O 22. Kb2 Rc8 23. Bb4 a5 24. Bxa5 Bxa3+ 25. Kxa3 Ra8 26. Kb4 Nd7 27. Ra1 Qc6 28.
Bc7 Rc8 29. Ra7 Rxc7 30. Rxc7 Qxc7 31. Ra1 Qd6+ 32. Kxb5 d4 33. Ra6 Qc5+ 34. Ka4 Qxc3 35. Rxe6 Nc5+ 36. Kb5 Nxe6 37. Qf1 Kg7 38. h4 Qc5+ 39. Ka4 Qb6 40. Bb5 Nc5+ 41. Kb4 Nb7 42. Qc4 Qa5+ 43. Kb3 Nd6 44. Qc5 Qxb5+ 45. Qxb5 Nxb5 46.
Kc4 Nc3 47. f4 Kf6 48. Kc5 Ke6 0-1

[Event "*** Titled Tuesday Blitz"]
[Site "Chess.com"]
[Date "2020.05.05"]
[Round "7"]
[White "Alopekos"]
[Black "Konavets"]
[Result "1/2-1/2"]
[WhiteElo "2477"]
[BlackElo "2922"]
[TimeControl "180+1"]
[EndTime "11:19:23 PDT"]
[Termination "Game drawn - insufficient material"]

1. e4 e5 2. Nf3 Nc6 3. Bb5 a6 4. Ba4 Nf6 5. O-O b5 6. Bb3 Bc5 7. a4 Rb8 8. Nxe5 Nxe5 9. d4 Bxd4 10. Qxd4 d6 11. f4 Nc6 12. Qc3 Ne7 13. Qd3 O-O 14. Nc3 c5 15. axb5 axb5 16. Nxb5 Nxe4 17. Qxe4 Rxb5 18. Ra7 Nf5 19. Rxf7 Rxf7 20. Bxf7+ Kf8 21.
Bc4 Rb6 22. Qd5 Nh6 23. f5 Bb7 24. Qe6 d5 25. Bg5 Qc7 26. Be7+ Qxe7 27. Qxb6 dxc4 28.
f6 gxf6 29. Qxf6+ Qxf6 30. Rxf6+ Kg7 31. Rb6 Be4 32. c3 Nf5 33. Rb5 Ne3 34. Rxc5 Bd3 35. Rb5 Nd1 36. g4 Ne3 37. Kh1 Nxg4 38. Kg2 Kf6 39. Kg3 Ne5 40. Kf4 Ng6+ 41. Ke3 Nh4 42. b4 Nf5+ 43. Kd2 h5 44. Rc5 Nd6 45. Rxh5 Ne4+ 46.
Ke3 Nxc3 47. Kd4 Na2 48. Rc5 Nxb4 49. Rxc4 Bxc4 50. Kxc4 Nc6 51. h4 Ne7 52. h5 Ng8 53.
h6 Nxh6 1/2-1/2

[Event "*** Titled Tuesday Blitz"]
[Site "Chess.com"]
[Date "2020.05.05"]
[Round "7"]
[White "VNeimer"]
[Black "LikeWater"]
[Result "1-0"]
[WhiteElo "2567"]
[BlackElo "2693"]
[TimeControl "180+1"]
[EndTime "11:19:23 PDT"]
[Termination "VNeimer won by resignation"]

1. e4 d6 2. Nc3 Nf6 3. g3 d5 4.
exd5 Nxd5 5. Nge2 e5 6. Bg2 Nxc3 7. Nxc3 Bd6 8. d4 O-O 9. O-O exd4 10. Qxd4 Nc6 11.
Qa4 Bd7 12. Be3 Nb4 13. Qb3 Be6 14. Qa4 c6 15. Rad1 b5 16. Qa3 Nd5 17. Qa6 Nb4 18.
Qb7 Qe7 19. Bxc6 Rab8 20. Qxe7 Bxe7 21. Bxb5 Nxc2 22. Bxa7 Rb7 23. Bd4 Nxd4 24. Rxd4 Bf6 25. Rb4 Rfb8 26. a4 Be7 27. Re4 Rc7 28. Rfe1 Bf6 29.
R1e3 g6 30. h4 Kg7 31. Kh2 h5 32. Rb4 Rbc8 33. Ne4 Be7 34. Rd4 Rc1 35. Ng5 Bc5 36. Nxe6+ fxe6 37. Rd7+ Kh6 38. Rxe6 Bxf2 39. Ree7 g5 40.
Rh7+ Kg6 41. Bd3+ Kf6 42. Rhf7+ Ke5 43. Rxf2 g4 44. Re2+ Kf6 45. Rd6+ Kf7 46. Bg6+ Kg7 47. Bxh5 R8c2 48. Bxg4 Rxe2+ 49. Bxe2 Rc2 50. Re6 Kf7 51. Re3 Rxb2 52. g4 Kf6 53. Kg2 Ra2 54. Re4 Kg6 55. Kf2 Kf6 56. h5 Kg5 57. Re5+ Kf4 58. Rf5+ Ke4 59. h6 Ra1 60. h7 Rh1 61. Rh5 1-0

[Event "*** Titled Tuesday Blitz"]
[Site "Chess.com"]
[Date "2020.05.05"]
[Round "7"]
[White "Roenko_Artur"]
[Black "fabianvivasz"]
[Result "0-1"]
[WhiteElo "2194"]
[BlackElo "2359"]
[TimeControl "180+1"]
[EndTime "11:19:23 PDT"]
[Termination "fabianvivasz won on time"]

1. e4 c5 2. d4 cxd4 3. c3 Nf6 4. e5 Nd5 5. cxd4 d6 6. Nf3 Nc6 7.
Bc4 e6 8. O-O dxe5 9. dxe5 Nb6 10. Bb5 Qxd1 11. Rxd1 Bd7 12. Be3 Nd5 13. Bxc6 Bxc6 14.
Bd4 Nf4 15. Nc3 g5 16. Be3 Nxg2 17. Nd4 Nxe3 18. fxe3 Bc5 19. Kf2 Bxd4 20. exd4 Rd8 21. Ke3 Ke7 22. Rf1 Rdf8 23. Rf6 h5 24. Raf1 g4 25.
Rg1 Rfg8 26. Ne2 Rg6 27. Rxg6 fxg6 28. Nf4 Rh6 29. Rf1 g5 30. Nd3 h4 31. Nf2 g3 32.
hxg3 hxg3 33. Ng4 Rh4 34. Nf6 g2 35. Rg1 Rh1 36. Kf2 Rxg1 37. Kxg1 Kf7 38. d5 Bxd5 39. Nh5 Kg6 40. Ng3 g4 41. Kf2 Kg5 42. b3 Kf4 0-1

[Event "*** Titled Tuesday Blitz"]
[Site "Chess.com"]
[Date "2020.05.05"]
[Round "7"]
[White "northridgehawk"]
[Black "boasovietica"]
[Result "0-1"]
[WhiteElo "2273"]
[BlackElo "2461"]
[TimeControl "180+1"]
[EndTime "11:19:24 PDT"]
[Termination "boasovietica won by resignation"]

1. e4 e5 2. Nf3 Nc6 3. Bb5 a6 4.
Ba4 Nf6 5. d3 d6 6. c3 Be7 7.
O-O O-O 8. Nbd2 Nd7 9. d4 Bf6 10. Re1 exd4 11. Bxc6 bxc6 12. cxd4 Re8 13. Nf1 c5 14. Ng3 Bb7 15. Bf4 cxd4 16. Nxd4 Nc5 17.
f3 g6 18. Qd2 Rb8 19. Rac1 Ba8 20. Kh1 Qd7 21. Nde2 Rxb2 22. Rc2 Rxc2 23. Qxc2 Ne6 24. Bh6 Rb8 25. Nc3 Qc6 26. Rc1 Qc4 27. Nge2 Nd4 28. Qd1 Nxe2 29. Nxe2 Qxa2 30. Rxc7 Be5 31. f4 Bg7 32. Bxg7 Qxe2 33. Qc1 Kxg7 34. Qc3+ Kg8 35. h4 Bxe4 36. Rc8+ Rxc8 37. Qxc8+ Kg7 38. Qc3+ Kh6 39.
Qg3 Qd1+ 40. Kh2 f6 41. f5 Qd2 42. fxg6 hxg6 43. Kg1 Qxg2+ 44. Qxg2 Bxg2 45. Kxg2 a5 0-1

[Event "*** Titled Tuesday Blitz"]
[Site "Chess.com"]
[Date "2020.05.05"]
[Round "7"]
[White "beatnoguera"]
[Black "1f3_2g41-0"]
[Result "0-1"]
[WhiteElo "1843"]
[BlackElo "2292"]
[TimeControl "180+1"]
[EndTime "11:19:24 PDT"]
[Termination "1f3_2g41-0 won by resignation"]

1. e4 c5 2. Nc3 d6 3. f4 Nf6 4.
Bc4 Nc6 5. d3 e5 6. f5 Be7 7.
Nf3 h5 8. O-O Na5 9. Bb3 Nxb3 10. axb3 Bd7 11. Bg5 Bc6 12. Qe1 Qd7 13. Qh4 a6 14. Na4 Qc7 15. Nc3 O-O-O 16. Nd2 Kb8 17. Nd5 Nxd5 18. exd5 Bxg5 19. Qxg5 f6 20. Qg3 Bxd5 21. c4 Bc6 22. Ne4 Rd7 23. Nc3 Qb6 24. Ra3 d5 25. cxd5 Bxd5 26. Nxd5 Rxd5 27. Rc1 c4+ 28. Qf2 Qxf2+ 29. Kxf2 cxd3 30. Ke3 d2 31. Rd1 Rhd8 32. b4 Rd4 33. Rb3 Ka7 34. b5 axb5 35. Rxb5 Rd3+ 36. Ke2 e4 37. Rc5 e3 38. Rc7 Rb3 39.
Re7 Rxb2 40. Rxe3 Rd5 41. Rf3 Re5+ 42. Kf2 Rc2 43. Rd3 Rxf5+ 44. Ke3 Re5+ 45. Kf4 g5+ 46. Kf3 Rf5+ 47. Ke4 Re5+ 48. Kd4 Re2 49. Kd5 Rxg2 50.
Ra3+ Kb8 51. Rd3 Rc8 52. R1xd2 Rd8+ 53. Ke4 Rxd2 54. Rxd8+ Rxd8 55. Kf5 Rd2 56. Kxf6 Rxh2 57. Kxg5 b5 58. Kf4 b4 59. Ke5 Rc2 60. Kd4 b3 0-1

[Event "*** Titled Tuesday Blitz"]
[Site "Chess.com"]
[Date "2020.05.05"]
[Round "7"]
[White "WonderChampion"]
[Black "mirochka"]
[Result "1-0"]
[WhiteElo "1849"]
[BlackElo "2137"]
[TimeControl "180+1"]
[EndTime "11:19:24 PDT"]
[Termination "WonderChampion won on time"]

1. e4 c5 2. Nf3 Nc6 3. Bb5 g6 4.
O-O Bg7 5. c3 Qc7 6. d4 a6 7.
Bxc6 Qxc6 8. Re1 d6 9. Bf4 Bg4 10. Be3 Nf6 11. Nbd2 O-O 12. Rc1 Nxe4 13. Nxe4 Qxe4 14.
dxc5 Bxf3 15. gxf3 Qc6 16. cxd6 Rac8 17. dxe7 Rfe8 18. Bf4 Bf6 19. Qd3 Rxe7 20. Rxe7 Bxe7 21. Re1 Bf6 22. Qe4 Kg7 23. Be5 Qb6 24. Bxf6+ Qxf6 25. Qxb7 Rd8 26. Qe7 Rd2 27. Qxf6+ Kxf6 28. Rb1 Kf5 29.
a4 Rc2 30. Kg2 h5 31. h3 Ke5 32. Kf1 Kf4 33. Kg2 Ke5 34. Kg3 Kf5 35. f4 h4+ 36.
Kf3 f6 37. Ke3 g5 38. fxg5 fxg5 39. Kf3 Rd2 40. Kg2 Rc2 41. Kf1 Kf4 42. Kg2 g4 43. hxg4 Kxg4 44. Kg1 Kf3 45. Rf1 Rxb2 46. Rc1 Ra2 47. c4 Rxf2 48. Rc3+ 1-0

[Event "*** Titled Tuesday Blitz"]
[Site "Chess.com"]
[Date "2020.05.05"]
[Round "7"]
[White "Aygehovit1992"]
[Black "Yaacovn"]
[Result "1-0"]
[WhiteElo "2705"]
[BlackElo "2852"]
[TimeControl "180+1"]
[EndTime "11:19:25 PDT"]
[Termination "Aygehovit1992 won by checkmate"]

1. e4 c6 2. d4 d5 3. e5 Bf5 4. Nf3 e6 5. Be2 Ne7 6. O-O Bg6 7. Nbd2 Nf5 8. Nb3 a6 9. a4 Nd7 10. a5 Rc8 11. c4 dxc4 12. Bxc4 Bh5 13. h3 Nh4 14. g4 Nxf3+ 15. Qxf3 Bg6 16. Be3 Be7 17. Qg2 c5 18. dxc5 Nxc5 19. Bxc5 Bxc5 20. Qxb7 O-O 21. Bxa6 Rb8 22. Qf3 Ba7 23. Rfd1 Qg5 24.
Rd7 Qxe5 25. Rxa7 Be4 26. Qe3 Qxb2 27. Re1 Bd5 28. Nc5 Qb4 29. Bf1 Rbc8 30. Nd7 Rfd8 31.
Ne5 f6 32. Nd3 Qf8 33. Nf4 Ba2 34. Nxe6 Bxe6 35. Qxe6+ Kh8 36. Qf7 Qg8 37. Qxg8+ Kxg8 38. Ree7 Rd1 39. Rxg7+ Kf8 40. Raf7+ Ke8 41. Rg8+ Kxf7 42. Rxc8 Ra1 43. a6 f5 44. Rc7+ Kf6 45. gxf5 h5 46. a7 Ra2 47. Rc6+ Kg5 48. Ra6 Rxa6 49. Bxa6 Kh4 50. a8=Q Kg5 51. Qf3 Kh4 52. Qf4+ Kxh3 53.
Bf1# 1-0

[Event "*** Titled Tuesday Blitz"]
[Site "Chess.com"]
[Date "2020.05.05"]
[Round "7"]
[White "maciek_92"]
[Black "AleksanderHnydiuk"]
[Result "1/2-1/2"]
[WhiteElo "2716"]
[BlackElo "2564"]
[TimeControl "180+1"]
[EndTime "11:19:25 PDT"]
[Termination "Game drawn by repetition"]

1. e4 c5 2. Nf3 e6 3. d4 cxd4 4. Nxd4 Nc6 5. Nc3 a6 6. Be2 d6 7.
Be3 Nf6 8. O-O Be7 9. f4 Bd7 10. Qe1 O-O 11. Qg3 Nxd4 12. Bxd4 Bc6 13. Bd3 b5 14. a3 Qb8 15. b4 g6 16. f5 e5 17. Be3 Qb7 18. Bh6 Rfd8 19. fxg6 hxg6 20. Rae1 Rac8 21. Nd5 Bxd5 22. exd5 Rc3 23. Rf3 Nh5 24.
Qf2 Bf8 25. Bg5 Rdc8 26. Rf1 R8c7 27. Bxg6 Rxf3 28. Qxf3 Nf4 29. Be4 Bg7 30. Bxf4 exf4 31. Qxf4 Qb6+ 32. Kh1 Qd4 33. h4 Re7 34. Bd3 Qxf4 35.
Rxf4 Re1+ 36. Rf1 Rxf1+ 37. Bxf1 Bb2 38. a4 bxa4 39. Bxa6 Bc3 40. Bc4 Bxb4 41. Kh2 Kg7 42. g4 Be1 43. Kh3 Kf6 44. g5+ Kf5 45. Ba2 a3 46. c4 Bf2 47. Bb3 Kf4 48. Ba2 Kf5 49.
Bb3 Kf4 50. Ba2 Kf5 1/2-1/2

[Event "*** Titled Tuesday Blitz"]
[Site "Chess.com"]
[Date "2020.05.05"]
[Round "7"]
[White "gmelviro"]
[Black "JessPinkman"]
[Result "0-1"]
[WhiteElo "2274"]
[BlackElo "2463"]
[TimeControl "180+1"]
[EndTime "11:19:25 PDT"]
[Termination "JessPinkman won on time"]

1. c4 e5 2. g3 c6 3. d4 e4 4. Nc3 d5 5. Bg2 Nf6 6. f3 Bb4 7. Bd2 Qe7 8. cxd5 e3 9. Bc1 Nxd5 10.
Qd3 O-O 11. Kf1 Re8 12. f4 Bxc3 13. bxc3 Nd7 14. Nf3 N7f6 15. Ne5 Ng4 16. Nxg4 Bxg4 17.
a4 g6 18. Ba3 Qe6 19. c4 Nf6 20. Rd1 Bf5 21. Qb3 Be4 22. Rg1 Rad8 23. Bb2 b6 24. Qc3 Bxg2+ 25. Rxg2 Ne4 26. Qxe3 Qxc4 27. Qd3 Qxa4 28. Kg1 Qa2 29. e3 Qd5 30. Rc2 a5 31. Qc4 Qxc4 32. Rxc4 Re6 33. Bc1 b5 34. Rc2 b4 35.
Rd3 Rb8 36. Ra2 Rb5 37. d5 cxd5 38. Rd4 Rc6 39. Bb2 Rc2 40. Rxa5 Rxa5 41. Rxb4 Ra8 42. Be5 h6 43. g4 g5 44. f5 Rd2 45. f6 Rc8 0-1

[Event "*** Titled Tuesday Blitz"]
[Site "Chess.com"]
[Date "2020.05.05"]
[Round "7"]
[White "seastar"]
[Black "Tsukasa06"]
[Result "1-0"]
[WhiteElo "2094"]
[BlackElo "2206"]
[TimeControl "180+1"]
[EndTime "11:19:25 PDT"]
[Termination "seastar won by resignation"]

1. d4 d5 2. c4 e6 3. Nc3 Nf6 4. Bg5 Be7 5. cxd5 exd5 6. e3 c6 7. Qc2 Nbd7 8. Bd3 Nf8 9. Nf3 Ne6 10. Bh4 g6 11. O-O Ng7 12. Ne5 O-O 13. a3 Bf5 14. b4 Bxd3 15. Qxd3 Nf5 16. Bg5 h6 17. Bf4 Rc8 18.
g4 Nh4 19. Bxh6 Re8 20. Bg5 Nh7 21. Bxh4 Bxh4 22. f4 Bf6 23. g5 Bg7 24. Rf3 b6 25. Raf1 c5 26. dxc5 Bxe5 27. fxe5 Nxg5 28. Rg3 Rxe5 29.
cxb6 axb6 30. Qd4 Qe7 31. Nxd5 Qe6 32. Nf6+ Kg7 33. Nd7 Nh3+ 34. Rxh3 Qxh3 35. Qxe5+ Kg8 36. Nf6+ Kf8 37. Qg3 Qe6 38. Ng4 Rc2 39. Ne5 Kg8 40.
Qf4 Rc7 41. Ng4 Re7 42. Nf6+ Kg7 43. e4 Qe5 44. Qxe5 Rxe5 45. Nd7 Rxe4 46. Nxb6 Re3 47. a4 Rb3 48. b5 Ra3 49. Rb1 Rxa4 50. Nxa4 1-0

[Event "*** Titled Tuesday Blitz"]
[Site "Chess.com"]
[Date "2020.05.05"]
[Round "7"]
[White "DrVitman"]
[Black "Rud_Makarian"]
[Result "1-0"]
[WhiteElo "2536"]
[BlackElo "2733"]
[TimeControl "180+1"]
[EndTime "11:19:26 PDT"]
[Termination "DrVitman won by resignation"]

1. e4 e5 2. Nf3 Nc6 3. Bb5 Nf6 4.
Bxc6 bxc6 5. d3 d6 6. h3 Be7 7. Nbd2 O-O 8. Qe2 c5 9. Nc4 h6 10. g4 Nh7 11. b3 Ng5 12. Nxg5 Bxg5 13. Bxg5 hxg5 14. f3 Be6 15. Ne3 a5 16. a4 c6 17. Qh2 Qf6 18. Ke2 d5 19. h4 gxh4 20.
Qxh4 Qxh4 21. Rxh4 f6 22. Rah1 Kf7 23. Nf5 Bxf5 24.
gxf5 Rab8 25. Kd2 c4 26. exd5 cxd3 27. dxc6 Rfc8 28. Rc4 dxc2 29. Kxc2 Rb6 30. Rd1 Rbxc6 31. Kc3 g6 32. Rd7+ Ke8 33. Ra7 gxf5 34. Rxa5 Kd7 35. Ra7+ Ke6 36. a5 e4 37. fxe4 fxe4 38. Rxc6+ Rxc6+ 39. Kd4 f5 40. b4 Rd6+ 41. Ke3 Rd3+ 42.
Ke2 f4 43. a6 Ra3 44. b5 Ra2+ 45. Ke1 f3 46. Ra8 Kd5 47. a7 e3 48. Rd8+ Ke4 49.
a8=Q+ Rxa8 50. Rxa8 1-0

[Event "*** Titled Tuesday Blitz"]
[Site "Chess.com"]
[Date "2020.05.05"]
[Round "7"]
[White "GM4life"]
[Black "PenguinPacks"]
[Result "1-0"]
[WhiteElo "2180"]
[BlackElo "2323"]
[TimeControl "180+1"]
[EndTime "11:19:26 PDT"]
[Termination "GM4life won by resignation"]

1. e4 d5 2. exd5 Nf6 3. d4 g6 4.
c4 Bg7 5. Nc3 O-O 6. Nf3 c6 7.
dxc6 Nxc6 8. Be3 Bg4 9. Be2 Qd7 10. O-O Rfd8 11. d5 Na5 12. Ne5 Bxe2 13. Qxe2 Qc8 14. Rac1 Qf5 15. f4 h5 16. b4 Nxc4 17. Qxc4 Rac8 18.
Qd3 Qxd3 19. Nxd3 Ng4 20. Bd2 Rc4 21. h3 Rd4 22. Rf3 Nh6 23. Be1 Nf5 24. Bf2 Rc4 25. Ne5 Rcc8 26. Rd3 Nd6 27. Ne2 Rxc1+ 28. Nxc1 Ne4 29.
Bd4 Rxd5 30. Bb2 Rxd3 31. Ncxd3 e6 32. Kf1 Bf8 33. Ke2 Ng3+ 34. Kf3 Nf5 35. Nd7 Be7 36. g4 hxg4+ 37. hxg4 Nd6 38. Bf6 Nc8 39. Bxe7 Nxe7 40.
Ke4 Nc6 41. N7e5 f5+ 42. gxf5 gxf5+ 43. Ke3 a6 44. a3 Kg7 45. Nc5 Nd8 46. Nc4 Kf6 47.
Nd6 e5 48. Ndxb7 Nc6 49. Nd7+ Ke6 50. Nxe5 Ne7 51. Nc5+ Kd6 52. Nxa6 Kd5 53. Nc7+ Kd6 54. Nb5+ Kd5 55. Nc3+ Ke6 56. Kd4 Nc8 57. b5 Nb6 58.
a4 Kd6 59. a5 Nc8 60. b6 1-0

[Event "*** Titled Tuesday Blitz"]
[Site "Chess.com"]
[Date "2020.05.05"]
[Round "7"]
[White "vladislavkovalev"]
[Black "lachesisQ"]
[Result "0-1"]
[WhiteElo "2890"]
[BlackElo "3098"]
[TimeControl "180+1"]
[EndTime "11:19:27 PDT"]
[Termination "lachesisQ won by resignation"]

1. e4 e6 2. d4 d5 3. Bd3 dxe4 4. Bxe4 Nf6 5. Bf3 c5 6. Ne2 Qc7 7. Nbc3 a6 8. Bf4 Bd6 9. Bxd6 Qxd6 10. dxc5 Qxc5 11.
Qd4 Nbd7 12. O-O-O Qxd4 13. Nxd4 Ne5 14. Be2 Bd7 15.
h3 O-O-O 16. f4 Nc6 17. Bf3 Kc7 18. g4 h6 19. Rhe1 g5 20. Rf1 Nxd4 21. Rxd4 Bc8 22.
Rc4+ Kb8 23. Bg2 Nd7 24. Rd4 Rdf8 25. fxg5 hxg5 26. Ne4 f6 27. Rd6 f5 28. Nxg5 fxg4 29. Rxf8 Rxf8 30. hxg4 Ne5 31. Rd4 Rg8 32. Nf3 Nxg4 33.
Bf1 e5 34. Re4 Rf8 35. Be2 Bf5 36. Rb4 Kc7 37. Nh4 Nh6 38. Nxf5 Nxf5 39. Rc4+ Kd6 40. Rb4 Rf7 41. Bd3 Nd4 42. Rc4 Kd5 43. Rc8 Nc6 44. Re8 Rf4 45. c3 e4 46. Bc2 Rh4 47. Bb3+ Kd6 48.
Bc2 Ne5 49. b3 e3 50. Kd1 Rh2 51. Kc1 Rh1+ 52. Kb2 e2 0-1

[Event "*** Titled Tuesday Blitz"]
[Site "Chess.com"]
[Date "2020.05.05"]
[Round "7"]
[White "NormWeinstein"]
[Black "Blitzking642"]
[Result "1-0"]
[WhiteElo "2455"]
[BlackElo "2305"]
[TimeControl "180+1"]
[EndTime "11:19:28 PDT"]
[Termination "NormWeinstein won on time"]

1. e4 c5 2. Nf3 Nc6 3. Nc3 g6 4. d4 cxd4 5. Nxd4 Bg7 6. Be3 Nf6 7. Bc4 O-O 8. Bb3 Re8 9. f3 e6 10. Qd2 d5 11. exd5 Nxd5 12. Nxd5 exd5 13. O-O-O Na5 14.
Kb1 Nc4 15. Bxc4 dxc4 16. c3 Qa5 17. Rhe1 Bd7 18. Bh6 Bh8 19. Bg5 Ba4 20. Rc1 Bxd4 21.
cxd4 Qxd2 22. Bxd2 Bb5 23. Bg5 Rxe1 24. Rxe1 Re8 25.
Rd1 Re2 26. Rd2 Rxd2 27. Bxd2 Bc6 28. Kc2 Kf8 29. Kc3 Bd5 30. Kb4 Ke7 31. Kc5 Ke6 32. Bf4 h5 33. h4 a6 34. a3 f6 35. Bc7 b5 36. Kb6 Kd7 37. Bf4 Bf7 38. Kxa6 Kc6 39. Bd2 Bd5 40. Ka7 Be6 41. Kb8 Kd5 42. Be3 g5 43. hxg5 fxg5 44. Kc7 g4 45. fxg4 hxg4 46. Kb6 Bd7 47. Kc7 Be6 48. g3 Ke4 49. Bf2 Kf3 50. Be1 Ke4 51. Kd6 Bg8 52. Bc3 Bd5 53. Kc5 1-0

[Event "*** Titled Tuesday Blitz"]
[Site "Chess.com"]
[Date "2020.05.05"]
[Round "7"]
[White "chito89"]
[Black "AnishGiri"]
[Result "1/2-1/2"]
[WhiteElo "2797"]
[BlackElo "3042"]
[TimeControl "180+1"]
[EndTime "11:19:29 PDT"]
[Termination "Game drawn by repetition"]

1. e4 c5 2. Nf3 d6 3. c3 Nf6 4.
h3 g6 5. Bd3 Bg7 6. O-O O-O 7.
Bc2 e5 8. d3 Nc6 9. a3 b5 10. Bg5 a5 11. a4 b4 12. Bb3 Rb8 13.
Nbd2 h6 14. Bxf6 Bxf6 15. Nc4 Bg7 16. Ne3 Kh8 17. Bd5 Bd7 18. Nc4 Qc7 19. Nfd2 Ne7 20. Ne3 f5 21. Bc4 Bc6 22. Nd5 Nxd5 23. Bxd5 Bd7 24. exf5 gxf5 25. Nc4 Be8 26. Qd2 f4 27. Rae1 Bxa4 28. Ra1 Bc6 29. Bxc6 Qxc6 30. Nxa5 Qd7 31. f3 bxc3 32. bxc3 d5 33. Ra2 Rbe8 34. c4 e4 35. dxe4 Bd4+ 36. Kh1 dxe4 37. fxe4 Rxe4 38. Nb3 Qe6 39.
Nxd4 Rxd4 40. Qf2 Qxc4 41. Re2 Qf7 42. Re5 Qc7 43. Rh5 Qd6 44. Qh4 Kh7 45. Re1 Rd1 46. Rxh6+ Qxh6 47. Qe7+ Qg7 48. Qh4+ Qh6 49. Qe7+ Qg7 50.
Qh4+ Qh6 1/2-1/2